 Dungeon Crawl Stone Soup version 0.27-a0-287-gd4424db430 (webtiles) character file.

Game seed: 17900682314591479885

25 runemasterragnar the Ruffian (level 2, 0/34 HPs)
             Began as a Draconian Transmuter on Feb 9, 2021.
             Slain by a gnoll
             ... wielding a +0 spear
              (3 damage)
             ... on level 2 of the Dungeon.
             The game lasted 00:02:39 (1613 turns).

runemasterragnar the Ruffian (Draconian Transmuter) Turns: 1613, Time: 00:02:39

Health: 0/34       AC: 21    Str: 12    XL:     2   Next: 82%
Magic:  5/5        EV:  2    Int: 13    God:
Gold:   51         SH:  0    Dex: 11    Spells: 2/5 levels left

rFire    + . .     SeeInvis .     - Unarmed
rCold    . . .     Faith    .   (no shield)
rNeg     + + +     Spirit   .   (armour unavailable)
rPois    +         Reflect  .   (helmet currently unavailable)
rElec    .         Harm     .   (cloak currently unavailable)
rCorr    .         Rampage  .   (gloves currently unavailable)
Will     .....     NoTele   +   (boots currently unavailable)
Stlth    +.........             (no amulet)
HPRegen  0.11/turn              d - ring of protection from fire
MPRegen  0.09/turn              (no ring)

@: tree-form
A: unfitting armour, AC +4
a: no special abilities


You were on level 2 of the Dungeon.
You were a tree.
You visited 1 branch of the dungeon, and saw 2 of its levels.

You collected 51 gold pieces.

Inventory:

Missiles
 f - 9 poisoned darts (quivered)
 g - 4 boomerangs
Jewellery
 d - a ring of protection from fire (left branch)
Scrolls
 a - 2 scrolls of teleportation {unknown}
 b - a scroll of blinking {unknown}
 c - a scroll of identify {unknown}
 e - a scroll of remove curse {unknown}
 i - 2 scrolls of immolation {unknown}
Potions
 h - a potion of lignification


   Skills:
 - Level 1.1 Fighting
 - Level 1.7 Dodging
 + Level 1.0 Stealth
 - Level 3.0 Unarmed Combat
 + Level 2.3 Spellcasting
 * Level 2.8 Transmutations


You had 2 spell levels left.
You knew the following spells:

 Your Spells              Type           Power        Failure   Level
a - Beastly Appendage     Tmut           16%          8%          1
b - Wereblood             Tmut           8%           12%         2

Your spell library contained the following spells:

 Spells                   Type           Power        Failure   Level
 Spider Form              Tmut/Pois      2%           38%         3
 Ice Form                 Ice/Tmut       5%           80%         4
 Blade Hands              Tmut           4%           91%         5


Dungeon Overview and Level Annotations

Branches:
Dungeon (2/15)

Altars:
Qazlal
The Shining One


Innate Abilities, Weirdness & Mutations

((Your plain brown scales are hard. (AC +4)))
You cannot fit into any form of body armour.
((You are cold-blooded and may be slowed by cold attacks.))


Message History

Throw: 12 darts (poison)
Press: ? - help, Q - select action, (/) - cycle Shift-Dir - straight line, f/p - gnoll
Aim: a gnoll, wielding a +0 spear and wearing a +0 leather armour (heavily wounded, very poisoned, 58% to hit)
You throw a poisoned dart. The poisoned dart hits the gnoll.
The gnoll is heavily wounded.
The gnoll hits you but does no damage.
Throw: 11 darts (poison)
Press: ? - help, Q - select action, (/) - cycle Shift-Dir - straight line, f/p - gnoll
Aim: a gnoll, wielding a +0 spear and wearing a +0 leather armour (heavily wounded, very poisoned, 58% to hit)
You throw a poisoned dart. The poisoned dart hits the gnoll.
The gnoll looks even sicker.
The gnoll is heavily wounded.
The gnoll hits you but does no damage.
Throw: 10 darts (poison)
Press: ? - help, Q - select action, (/) - cycle Shift-Dir - straight line, f/p - gnoll
Aim: a gnoll, wielding a +0 spear and wearing a +0 leather armour (severely wounded, very poisoned, 58% to hit)
You throw a poisoned dart. The poisoned dart hits the gnoll.
The gnoll is severely wounded.
The gnoll hits you from afar with a +0 spear.
You die...

#.###.#...........
#.###.###......##.
#.#☼....#......#
#.#.....#......#
#...._.........#
###.....#....g.#
#....☼#.###.......
###.###g# .###.#.
#..♣..# .# #######
.# .# .# .#


You could see a gnoll (very poisoned).

Vanquished Creatures
  A worm (D:2)
  A giant cockroach (D:2)
  3 goblins
  2 hobgoblins (D:2)
  5 kobolds
  A ball python (D:2)
  3 bats
  2 frilled lizards (D:2)
  5 rats
23 creatures vanquished.

Vanquished Creatures (others)
  A gnoll (D:2)
1 creature vanquished.

Grand Total: 24 creatures vanquished

Notes
Turn   | Place    | Note
-------+----------+-------------------------------------------
     0 | D:1      | runemasterragnar the Draconian Transmuter began the quest
                  | for the Orb.
     0 | D:1      | Reached XP level 1. HP: 16/16 MP: 3/3
   632 | D:1      | Found a glowing golden altar of the Shining One.
   975 | D:2      | Reached XP level 2. HP: 23/23 MP: 5/5
  1387 | D:2      | Reached skill level 1 in Stealth
  1391 | D:2      | Learned a level 2 spell: Wereblood
  1568 | D:2      | Found a stormy altar of Qazlal.
  1613 | D:2      | Slain by a gnoll

Illustrated notes

Levels and vault maps discovered:
D:1:      dpeg_arrival_signposts, layout_loops_ring, tso_altar
D:2:      lemuel_upstairs_altar, layout_basic, grunt_qazlal_clouds,
          minmay_pentomino_s4

Skill      XL: |  1  2 |
---------------+-------+-----
Stealth        | 1 |  1.0
Fighting       | |  1.1
Dodging        | |  1.7
Unarmed Combat | |  3.0
Spellcasting   | |  2.3
Transmutations | |  2.8

Action                   || total
-------------------------++-------
Melee: Unarmed           ||    74
       Tailslap          ||    13
       Kick              ||     5
       Headbutt          ||     5
Throw: Dart              ||     8
       Boomerang         ||     7
 Cast: Beastly Appendage ||    11
  Use: Potion            ||     1
 Stab: Sleeping          ||     1
Armor: Skin              ||    46
Dodge: Dodged            ||    51

Table legend: (Time is in decaauts)
 A = Elapsed time spent in this place.
 B = Non-inter-level travel time spent in this place.
 C = Inter-level travel time spent in this place.
 D = Time resting spent in this place.
 E = Time spent auto-exploring this place.
 F = Levels seen in this place.
 G = Mean time per level.
                   A        B        C        D        E       F      G
               +--------+--------+--------+--------+--------+-----+--------+
         Total |   1609 |   1554 |     55 |      0 |   1332 |   2 |  804.5 |
       Dungeon |   1609 |   1554 |     55 |      0 |   1332 |   2 |  804.5 |
               +--------+--------+--------+--------+--------+-----+--------+

Top non-repeatable levels by time:
     D:1: 940 daAuts
     D:2: 668 daAuts
